 Dungeon Crawl Stone Soup version 0.28-a0-722-gc0678643b6 (webtiles) character file.

Game seed: 1053735233711868810

34 Lekart the Skirmisher (level 3, -2/33 HPs)
             Began as a Draconian Abyssal Knight on Oct 24, 2021.
             Was a Follower of Lugonu.
             Slain by a gnoll (6 damage)
             ... on level 2 of the Dungeon.
             The game lasted 00:01:05 (1474 turns).

Lekart the Skirmisher (Draconian Abyssal Knight)    Turns: 1474, Time: 00:01:06

Health: -2/33      AC:  5    Str: 16    XL:     3   Next: 14%
Magic:  4/4        EV: 12    Int: 10    God:    Lugonu [*.....]
Gold:   80         SH:  0    Dex: 11    Spells: 2/2 levels left

rFire   . . .      SeeInvis .   a - +1 hand axe
rCold   . . .      Faith    .   (no shield)
rNeg    . . .      Spirit   .   (armour unavailable)
rPois   .          Reflect  .   (helmet restricted)
rElec   .          Harm     .   (no cloak)
rCorr   .          Rampage  .   (no gloves)
Will    .....                   (no boots)
Stlth   +.........              (no amulet)
HPRegen 0.11/turn               (no ring)
MPRegen 0.09/turn               (no ring)

@: no status effects
A: AC +5, unfitting armour, cold-blooded
a: Renounce Religion, Depart the Abyss


You were on level 2 of the Dungeon.
You worshipped Lugonu.
Lugonu was aware of your devotion.
You visited 1 branch of the dungeon, and saw 2 of its levels.
You visited the Abyss 1 time.

You collected 80 gold pieces.

Inventory:

Hand Weapons
 a - a +1 hand axe (weapon)
Scrolls
 c - a scroll of immolation {unknown}
 i - a scroll of fog {unknown}
 k - a scroll of torment {unknown}
 l - a scroll of enchant armour {unknown}
Potions
 b - 4 potions of curing
 d - 2 potions of invisibility {unknown}
 e - a potion of magic {unknown}
 f - 2 potions of haste {unknown}
 g - 3 potions of heal wounds {unknown}
 h - a potion of cancellation {unknown}
 j - 3 potions of flight {unknown}
 m - a potion of brilliance {unknown}


   Skills:
 + Level 4.0 Fighting
 + Level 2.3 Axes
 + Level 2.4 Dodging
 * Level 2.4 Invocations


You had 2 spell levels left.
You didn't know any spells.
Your spell library was empty.

Dungeon Overview and Level Annotations

Branches:
Dungeon (2/15)

Altars:
Nemelex Xobeh


Innate Abilities, Weirdness & Mutations

Your plain brown scales are hard. (AC +5)
You cannot fit into any form of body armour.
You are cold-blooded and may be slowed by cold attacks.


Message History

An endoplasm comes into view.
There are monsters nearby!
A dart slug comes into view.
There are monsters nearby!
The gnoll misses you.
There are monsters nearby!
Found 16 sling bullets and 2 gold pieces.
A goblin comes into view. It is wielding a +0 dagger.
The gnoll hits you but does no damage. The gnoll completely misses you.
The gnoll closely misses you.
There are monsters nearby!
You completely miss the gnoll.
The endoplasm quivers.
You hit the gnoll. You closely miss the gnoll. The gnoll closely misses you.
The gnoll hits you with a +0 spear. The gnoll barely misses you.
You hit the gnoll.
The gnoll is severely wounded.
You hit the gnoll but do no damage. You hit the gnoll.
The gnoll closely misses you. The gnoll hits you with a +0 spear.
The gnoll closely misses you. The dart slug launches a dart at you.
The slug dart hits you but does no damage.
You hit the gnoll.
You kill the gnoll!
Lugonu accepts your kill.
You hit the gnoll. You hit the gnoll but do no damage.
The gnoll barely misses you. The gnoll hits you with a +0 spear.
The dart slug launches a dart at you. The slug dart hits you.
The gnoll hits you with a +0 spear. x2
* * * LOW HITPOINT WARNING * * *
Your Fighting skill increases to level 4!
You have reached level 3!
Your experience leads to an increase in your attributes!
Increase (S)trength, (I)ntelligence, or (D)exterity?
You feel stronger.
Your scales feel tougher.
It was a potion of curing.
You feel better. The gnoll hits you with a +0 spear.
The gnoll hits you with a +0 spear!
* * * LOW HITPOINT WARNING * * *
The gnoll hits you from afar with a +0 spear.
You die...

'###############.#
...)...........#.#
...............#.#
......g........#.########
......g.@......#........#
.....g)........#........#
.....J.........#........#
.......#w......#........#
.......+................'
(......#.#..............#
$......#.#+##...[.......#
.......#................#
.... #.....####.......#


You could see 2 gnolls, a dart slug, an endoplasm and a goblin.

Vanquished Creatures
  A gnoll (D:2)
  A dart slug (D:2)
  4 ball pythons
  3 bats
  An endoplasm (D:1)
  3 goblins
  A hobgoblin (D:2)
  3 kobolds (D:1)
  2 quokkas (D:2)
  A frilled lizard (D:1)
  2 rats
22 creatures vanquished.

Vanquished Creatures (others)
  7 demonic plants (D:1)
  2 withered plants (D:1)
9 creatures vanquished.

Grand Total: 31 creatures vanquished

Notes
Turn   | Place    | Note
-------+----------+-------------------------------------------
     0 | Abyss:1  | Lekart the Draconian Abyssal Knight began the quest for the
                  | Orb.
     0 | Abyss:1  | Reached XP level 1. HP: 19/19 MP: 2/2
     7 | Abyss:2  | Found an ancient bone altar of Kikubaaqudgha.
    19 | Abyss:2  | Noticed a wizard
    20 | D:1      | Escaped the Abyss
   473 | D:1      | Found a faded altar of an unknown god.
   553 | D:1      | Reached XP level 2. HP: 26/26 MP: 3/3
  1145 | D:2      | Reached * piety under Lugonu
  1185 | D:2      | Found a sparkling altar of Nemelex Xobeh.
  1473 | D:2      | Reached skill level 4 in Fighting
  1473 | D:2      | Reached XP level 3. HP: 5/33 MP: 4/4
  1474 | D:2      | Slain by a gnoll

Illustrated notes

Levels and vault maps discovered:
D:1:      minmay_arrival_four_loops, layout_rooms, shapermc_ecumenical_altar_gd,
          minmay_misc_feat_diagonals, hex_intersection, minmay_hexomino_p4
D:2:      layout_basic, basic_altar, kennysheep_generic_room_10

Skill      XL: |  1  2 |
---------------+-------+-----
Fighting       | 4 |  4.0
Axes           | |  2.3
Dodging        | |  2.4
Invocations    | |  2.4

Action                   || total
-------------------------++-------
Melee: Hand axe          ||    52
       Tailslap          ||     6
Invok: Depart the Abyss  ||     1
  Use: Potion            ||     1
Armor: Skin              ||    13
Dodge: Dodged            ||    40

Table legend: (Time is in decaauts)
 A = Elapsed time spent in this place.
 B = Non-inter-level travel time spent in this place.
 C = Inter-level travel time spent in this place.
 D = Time resting spent in this place.
 E = Time spent auto-exploring this place.
 F = Levels seen in this place.
 G = Mean time per level.
                   A        B        C        D        E       F      G
               +--------+--------+--------+--------+--------+-----+--------+
         Total |   1483 |   1472 |     11 |      0 |   1298 |   4 |  370.8 |
       Dungeon |   1463 |   1452 |     11 |      0 |   1288 |   2 |  731.5 |
         Abyss |     19 |     19 |      0 |      0 |     10 |   2 |    9.5 |
               +--------+--------+--------+--------+--------+-----+--------+

Top non-repeatable levels by time:
     D:1: 842 daAuts
     D:2: 621 daAuts
 Abyss:2: 14 daAuts
 Abyss:1: 5 daAuts
